 Dungeon Crawl Stone Soup version 0.31-a0-198-g2ad674f65e (webtiles) character file.

Game seed: 1850189373616442424

132 qw the Skirmisher (level 4, 0/25 HPs)
             Began as a Deep Elf Hunter on June 25, 2023.
             Slain by a gnoll
             ... wielding a +0 spear
              (7 damage)
             ... on level 4 of the Dungeon.
             The game lasted 00:00:52 (2284 turns).

qw the Skirmisher (Deep Elf Hunter)                 Turns: 2284, Time: 00:00:53

Health: 0/25       AC:  7    Str: 10    XL:     4   Next: 92%
Magic:  6/6        EV: 11    Int: 14    God:
Gold:   144        SH:  0    Dex: 18    Spells: 3/3 levels left

rFire   . . .        Y - +1 shortbow
rCold   + . .        (shield currently unavailable)
rNeg    . . .        f - +0 ring mail
rPois   .            h - +0 helmet
rElec   .            (no cloak)
rCorr   .            k - +0 pair of gloves
SInv    .            (no boots)
Will    .....        (no amulet)
Stlth   +            c - ring of Naewify {Fly rC+}
HPRegen 0.24/turn    (no ring)
MPRegen 0.10/turn

%: no passive effects
@: flying
A: no striking features
a: no special abilities


You were on level 4 of the Dungeon.
You visited 1 branch of the dungeon, and saw 4 of its levels.

You collected 144 gold pieces.


   Skills:
 - Level 1.5 Fighting
 + Level 8.3 Ranged Weapons
 - Level 2.4 Dodging
 - Level 1.2 Stealth


You had 3 spell levels left.
You didn't know any spells.
Your spell library was empty.

Inventory:

Hand Weapons
 Y - a +1 shortbow (weapon)
Armour
 f - a +0 ring mail (worn)
 h - a +0 helmet (worn)
 k - a +0 pair of gloves (worn)
Jewellery
 c - the ring of Naewify (left hand) {Fly rC+}
   (You found it on level 2 of the Dungeon)

   [ring of flight]

   rC:        It protects you from cold.
   Fly:       It grants you flight.
Scrolls
 b - a scroll of identify
Potions
 a - a potion of lignification {unknown}
 d - 2 potions of heal wounds
 e - a potion of brilliance {unknown}
 g - a potion of curing {unknown}
 i - a potion of might {unknown}

Dungeon Overview and Level Annotations

Branches:
Dungeon (4/15)
 Temple: D:4-7

Altars:


Message History

You shoot an arrow. The gnoll shouts!
The arrow hits the hobgoblin but does no damage.
The hobgoblin is lightly wounded.
A gnoll comes into view. It is wielding a +0 club.
You shoot an arrow. The arrow hits the hobgoblin.
The hobgoblin is almost dead.
You shoot an arrow. The arrow hits the hobgoblin.
You kill the hobgoblin!
You shoot an arrow.
The arrow hits the gnoll but does no damage.
You shoot an arrow. The arrow hits the gnoll.
The gnoll is lightly wounded.
You shoot an arrow. The arrow completely misses the gnoll.
The arrow barely misses the gnoll.
The gnoll barely misses you.
A gnoll comes into view. It is wielding a +0 club.
The gnoll hits you from afar with a +0 spear.
The gnoll hits you but does no damage.
You shoot an arrow. The arrow hits the gnoll!
The gnoll is almost dead.
You hear a shout!
The gnoll hits you from afar with a +0 spear.
The gnoll hits you with a +0 club.
You hear a shout!
You shoot an arrow. The arrow hits the gnoll.
You kill the gnoll!
The gnoll closely misses you.
You shoot an arrow. The arrow hits the gnoll.
The gnoll is heavily wounded.
The gnoll closely misses you.
You shoot an arrow. The arrow barely misses the gnoll.
You hear a shout!
The gnoll hits you but does no damage.
You hear a shout! x2
You shoot an arrow. The arrow hits the gnoll.
The gnoll is moderately wounded.
The gnoll completely misses you. The gnoll hits you with a +0 club!
The gnoll hits you from afar with a +0 spear!
You die...

........ ......#
......## ........
#..... ###########g..
#........##.# ####
#.........g@# ...#
#........###..#
...###............##
.....................
...#.#........#......
.....#........#.#####
##..#########.... ..
#...# ##.....##...
.#.#.####..#...##.#


You could see 2 gnolls.

Vanquished Creatures
  An iguana (D:3)
  A gnoll (D:4)
  4 adders
  2 worms
  2 dart slugs (D:2)
  An orc (D:3)
  5 ball pythons
  5 bats
  4 endoplasms
  6 goblins
  6 hobgoblins
  6 kobolds
  A quokka (D:3)
  7 frilled lizards
  3 rats
54 creatures vanquished.

Notes
Turn   | Place    | Note
-------+----------+-------------------------------------------
     0 | D:1      | qw the Deep Elf Hunter began the quest for the Orb.
     0 | D:1      | Reached XP level 1. HP: 12/12 MP: 3/3
     0 | D:1      | 0 ||| qw: Version: 0.3-a-22-g0ed2b0b
     0 | D:1      | 0 ||| qw: Game counter: 4899
     0 | D:1      | 0 ||| qw: Melee chars always use a shield: true
     0 | D:1      | 0 ||| qw: God list: Okawaru
     0 | D:1      | 0 ||| qw: Allow faded altars: false
     0 | D:1      | 0 ||| qw: Do Orc after clearing Dungeon:15 true
     0 | D:1      | 0 ||| qw: Do second Lair branch before Depths: true
     0 | D:1      | 0 ||| qw: Lair rune preference: random
     0 | D:1      | 0 ||| qw: Goals: Normal
     0 | D:1      | 0 ||| PLANNING D:1-11
   276 | D:1      | Reached skill level 6 in Ranged Weapons
   276 | D:1      | Reached XP level 2. HP: 16/16 MP: 4/4
   632 | D:1      | 632 ||| UPGRADING to +0 ring mail.
   642 | D:1      | 642 ||| DROPPING +0 leather armour.
   643 | D:1      | 643 ||| UPGRADING to +0 helmet.
   648 | D:1      | 648 ||| READING scroll labelled NOGERHE YNUHO.
   649 | D:1      | 649 ||| READING scroll labelled FIRUKLO DEFIJ.
   650 | D:1      | 650 ||| DROPPING scroll of butterflies.
   766 | D:2      | Reached XP level 3. HP: 20/20 MP: 5/5
   891 | D:2      | 891 ||| FLEEEEING.
   892 | D:2      | 892 ||| FLEEEEING.
   893 | D:2      | 893 ||| STAIRDANCE
   908 | D:1      | 908 ||| READING scroll labelled QAPTABYUXE.
   909 | D:1      | 909 ||| READING scroll labelled QIYFYWKAYNG.
   910 | D:1      | 910 ||| READING scroll labelled NUCASINORO.
   911 | D:1      | 911 ||| READING scroll labelled DINWUF OLEDD.
   916 | D:2      | 916 ||| STAIRDANCE
   942 | D:2      | 942 ||| STAIRDANCE
   992 | D:2      | Reached skill level 7 in Ranged Weapons
  1157 | D:2      | Identified the ring of Naewify {Fly rC+}
  1233 | D:2      | Reached XP level 4. HP: 25/25 MP: 6/6
  1378 | D:2      | 1378 ||| UPGRADING to ring of Naewify {Fly rC+}.
  1379 | D:2      | 1379 ||| READING scroll labelled QOLAXOKLOUT.
  1380 | D:2      | 1380 ||| DRINKING 3 coppery potions.
  1853 | D:3      | Reached skill level 8 in Ranged Weapons
  2115 | D:3      | 2115 ||| UPGRADING to +0 pair of gloves.
  2120 | D:3      | 2120 ||| READING scroll labelled HASURGH ATIECADGH.
  2121 | D:3      | 2121 ||| READING scroll labelled USMOAKH GUJA.
  2123 | D:3      | 2123 ||| Stepping ~*~*~tactically~*~*~ (cloud).
  2130 | D:3      | HP: 6/25 [poisoned by you (poison gas)]
  2284 | D:4      | Slain by a gnoll

Levels and vault maps discovered:
D:1:      dpeg_arrival_triangle_fractal, layout_basic, serial_forest,
          infiniplex_forest_lined_room_2, infiniplex_forest_clump_double,
          infiniplex_forest_end_3, infiniplex_forest_clump_small,
          infiniplex_forest_corner_2, infiniplex_forest_diagonal,
          infiniplex_forest_fountain, infiniplex_forest_clump_double,
          infiniplex_forest_lined_2, st_stairs_6, minmay_tromino_v4_a
D:2:      layout_loops_ring
D:3:      layout_loops_ring
D:4:      layout_rooms, grunt_gozag_statues,
          hangedman_abyss_or_decor_jellyfish_corner

Skill      XL: |  1  2  3  4 |
---------------+-------------+-----
Ranged Weapons | 6 7 8 |  8.3
Fighting       | |  1.5
Dodging        | |  2.4
Stealth        | |  1.2

Action                     |  1- 3 |  4- 6 || total
---------------------------+-------+-------++-------
   Fire: Shortbow          |   104 |    72 ||   176
    Use: Scroll            |     6 |     3 ||     9
         Potion            |       |     1 ||     1
 Armour: Leather armour    |     1 |       ||     1
         Ring mail         |    13 |    12 ||    25
  Dodge: Dodged            |    24 |    22 ||    46

Table legend:
 A = Non-vault XP
 B = Vault XP
 C = Vault XP percentage of total XP
 D = Non-vault monster count
 E = Vault monster count
 F = Vault count percentage of total count
                 A         B        C        D         E       F
            +---------+---------+-------+---------+---------+-------
      Total |     184 |       5 |   2.6 |      50 |       4 |   7.4
            +---------+---------+-------+---------+---------+-------
        D:1 |      40 |       5 |  11.1 |      16 |       4 |  20.0
        D:2 |      59 |       0 |   0.0 |      20 |       0 |   0.0
        D:3 |      69 |       0 |   0.0 |      12 |       0 |   0.0
        D:4 |      16 |       0 |   0.0 |       2 |       0 |   0.0
            +---------+---------+-------+---------+---------+-------
